 Dungeon Crawl Stone Soup version 0.28.0-53-g5a82cb258f (webtiles) character file.

Game seed: 10832733402766744298

32 protoss039 the Digger (level 3, 11/26 HPs)
             Began as a Demonspawn Earth Elementalist on June 7, 2022.
             Got out of the dungeon alive.
             The game lasted 00:01:43 (1167 turns).

protoss039 the Digger (DsEE)                        Turns: 1167, Time: 00:01:44

Health: 11/26      AC:  4    Str:  8    XL:     3   Next: 10%
Magic:  6/6        EV: 12    Int: 18    God:
Gold:   46         SH:  0    Dex: 13    Spells: 5/6 levels left

rFire   . . .      SeeInvis .   j - +1 dagger (protect)
rCold   . . .      Faith    .   (no shield)
rNeg    . . .      Spirit   .   b - +0 robe
rPois   .          Reflect  .   (helmet restricted)
rElec   .          Harm     .   (no cloak)
rCorr   .          Rampage  .   (no gloves)
Will    .....                   (no boots)
Stlth   ++........              (no amulet)
HPRegen 0.08/turn               (no ring)
MPRegen 0.10/turn               (no ring)

@: no status effects
A: horns 1, molten scales 1
a: no special abilities


You escaped.
You visited 1 branch of the dungeon, and saw 1 of its levels.

You collected 46 gold pieces.

Inventory:

Hand Weapons
 a - a +0 short sword
 j - a +1 dagger of protection (weapon)
Missiles
 c - 10 stones
Armour
 b - a +0 robe (worn)
Scrolls
 d - 2 scrolls of amnesia {unknown}
 e - 2 scrolls of identify {unknown}
 f - a scroll of enchant armour {unknown}
Potions
 g - a potion of mutation {unknown}
 h - a potion of haste {unknown}
 i - a potion of attraction {unknown}
 k - a potion of lignification {unknown}


   Skills:
 * Level 1.3 Fighting
 + Level 0.9 Armour
 - Level 1.7 Dodging
 - Level 1.7 Stealth
 + Level 2.2 Spellcasting
 * Level 1.5 Transmutations
 + Level 2.8 Earth Magic


You had 5 spell levels left.
You knew the following spells:

 Your Spells              Type           Power      Damage    Failure   Level
a - Sandblast             Erth           24%        2d8       5%          1

Your spell library contained the following spells:

 Spells                   Type           Power      Damage    Failure   Level
 Passwall                 Tmut/Erth      7%         N/A       11%         2
 Stone Arrow              Conj/Erth      14%        3d7       30%         3
 Petrify                  Tmut/Erth      9%         N/A       58%         4


Dungeon Overview and Level Annotations

Branches:
Dungeon (1/15)

Altars:


Innate Abilities, Weirdness & Mutations

You have a pair of small horns on your head.
You are partially covered in molten scales. (AC +2)


Message History

Aim: a goblin, wielding a +1 dagger of protection (moderately wounded, 74% to hit)
The blast of sand misses the goblin.
The blast of sand hits the quokka!
You kill the quokka!
The goblin hits you but does no damage.
Casting: Sandblast (safe; 5% risk of failure)
Confirm with . or Enter, or press ? or * to list all spells.
Aiming: Sandblast (safe; 5% risk of failure)
Press: ? - help, Shift-Dir - straight line, f/p - goblin
Aim: a goblin, wielding a +1 dagger of protection (moderately wounded, 74% to hit)
The blast of sand hits the goblin.
You kill the goblin!
The goblin throws a poisoned dart.
The poisoned dart barely misses you. The goblin barely misses you.
Items here: ! $ )) ††.
j - a +1 dagger of protection;
k - a bubbling cyan potion You now have 46 gold pieces (gained 8).
The goblin hits you with a +0 club.
* * * LOW HITPOINT WARNING * * *
Your +1 dagger of protection hums with potential!
j - a +1 dagger of protection (weapon)
Unknown command.
Unknown command.
You hit the goblin.
Your weapon exudes an aura of protection.
You headbutt the goblin.
You kill the goblin!
Unknown command.
There is an open door here.
You close the door.
Unknown command.
You open the door.
There is an open door here.
Things that are here:
a +0 club; a goblin corpse; a jackal corpse
Things that are here:
a +0 club; 4 poisoned darts
There is an open door here.
There is an open door here.
There is a staircase leading out of the dungeon here.
Are you sure you want to leave the Dungeon?
This will make you lose the game!
You have escaped!

#.#.#.........#.#.........##.#.#
##.#.#.........'.'.........##.#.#
.....#.........#.#........[##.#.+
.....##.......##.##.......## .#..
......###...####'###....### +##
...#..# #'#####...#####'# .
...#..###.###.......###.## #.#
...+.>##...#.........#...# #.#.#
...#####...+....@....+...# #.#.#
...# #...#.........#...# #.#.#
...# #..###.......###.## #.#..
...# ##.#####...#####.# #...≈
...# #..#####+#####..# #...≈ ...#
##.............## #...≈ ...##
####################.... ....#
#........... ..^## #.#######.##


There were no monsters in sight!

Vanquished Creatures
  5 endoplasms (D:1)
  A giant cockroach (D:1)
  5 goblins (D:1)
  A hobgoblin (D:1)
  2 jackals (D:1)
  2 quokkas (D:1)
  4 ball pythons (D:1)
  2 bats (D:1)
  2 frilled lizards (D:1)
  2 kobolds (D:1)
  3 rats (D:1)
29 creatures vanquished.

Notes
Turn   | Place    | Note
-------+----------+-------------------------------------------
     0 | D:1      | protoss039 the Demonspawn Earth Elementalist began the
                  | quest for the Orb.
     0 | D:1      | Reached XP level 1. HP: 13/13 MP: 3/3
   110 | D:1      | Reached skill level 1 in Transmutations
   437 | D:1      | Found a faded altar of an unknown god.
   555 | D:1      | Gained mutation: You are partially covered in molten
                  | scales. (AC +2) [demonic ancestry]
   555 | D:1      | Reached XP level 2. HP: 20/20 MP: 5/5
   668 | D:1      | Reached skill level 1 in Fighting
  1095 | D:1      | Gained mutation: You have a pair of small horns on your
                  | head. [demonic ancestry]
  1095 | D:1      | Reached XP level 3. HP: 10/26 MP: 4/6
  1167 | D:$      | Got out of the dungeon alive.

Illustrated notes

Levels and vault maps discovered:
D:1:      dpeg_arrival_three_smaller_balls, layout_basic,
          hellmonk_ecumenical_altar_pennies_from_heaven,
          chequers_serial_rivers_small_3, minivault_11, minmay_crystal_room,
          minmay_pentomino_x4

Skill      XL: |  1  2 |
---------------+-------+-----
Transmutations | 1 |  1.5
Fighting       | 1 |  1.3
Armour         | |  0.9
Dodging        | |  1.7
Stealth        | |  1.7
Spellcasting   | |  2.2
Earth Magic    | |  2.8

Action                   || total
-------------------------++-------
Melee: Short sword       ||    64
       Punch             ||     2
       Dagger            ||     1
       Headbutt          ||     1
 Cast: Sandblast         ||    20
 Stab: Sleeping          ||     4
Armor: Robe              ||    21
Dodge: Dodged            ||    50
